[Event "Live Chess"]
[Site "Chess.com"]
[Date "2020.05.16"]
[Round "2.41"]
[White "Diakonova, Ekaterina"]
[Black "Karas, Eugenia"]
[Result "1/2-1/2"]
[ECO "C07"]
[WhiteElo "2135"]
[BlackElo "1835"]
[PlyCount "82"]
[EventDate "2020.??.??"]
[TimeControl "180+2"]
[WhiteClock "0:00:11"]
[BlackClock "0:00:15"]

1. e4 e6 2. d4 d5 3. Nd2 c5 4. Ngf3 dxe4 5. Nxe4 cxd4 6. Nxd4 Nf6 7. Nxf6+ Qxf6 8. Be3 Qd8 9. Be2 Nd7 10. O-O Be7 11. c4 O-O 12. a3 Nf6 13. b4 Qc7 14. Nb5 Qb8 15. Qc2 Bd7 16. Nd4 Qc7 17. Rac1 Rac8 18. h3 b6 19. Bf3 Rfd8 20. Rfe1 a5 21. Qb2 axb4 22. axb4 Qd6 23. b5 Qc7 24. Nc6 Bxc6 25. Bxc6 Ne8 26. Ra1 Nd6 27. Qb3 Nf5 28. Ra6 Nxe3 29. Qxe3 Bc5 30. Qf3 Rb8 31. Rea1 Qd6 32. g3 Rf8 33. R6a2 Qd4 34. Rd1 Qxc4 35. Re2 Qb4 36. Red2 Qa5 37. Kg2 Qb4 38. Rd7 Qc4 39. R7d2 Qb4 40. Rd7 Qc4 41. R7d2 Qb4 {[%emt 0:00:01] Game drawn by repetition} 1/2-1/2

[Event "Live Chess"]
[Site "Chess.com"]
[Date "2020.05.16"]
[Round "2.42"]
[White "Karas, Eugenia"]
[Black "Diakonova, Ekaterina"]
[Result "0-1"]
[ECO "B08"]
[WhiteElo "1833"]
[BlackElo "2137"]
[PlyCount "110"]
[EventDate "2020.??.??"]
[TimeControl "180+2"]
[WhiteClock "0:00:25"]
[BlackClock "0:00:07"]

1. d4 Nf6 2. Nf3 g6 3. Nc3 Bg7 4. e4 d6 5. Be3 c6 6. Bd3 Nbd7 7. h3 O-O 8. O-O e5 9. dxe5 dxe5 10. Qe2 Qc7 11. Nd1 Rd8 12. c4 Nf8 13. Nc3 Ne6 14. Rad1 Nd4 15. Bxd4 exd4 16. Nb1 Nh5 17. Bc2 Nf4 18. Qd2 c5 19. Na3 a6 20. Bd3 Bh6 21. Qc2 Bd7 22. Rfe1 Rab8 23. Nb1 b5 24. cxb5 axb5 25. Nxd4 Nxd3 26. Rxd3 Qa5 27. Nc3 cxd4 28. Rxd4 Bg7 29. Rd3 Be6 30. Red1 Bxc3 31. Rxd8+ Rxd8 32. Rxd8+ Qxd8 33. Qxc3 Qc8 34. Qb4 Qc1+ 35. Kh2 Qc4 36. Qxc4 Bxc4 37. b3 Bd3 38. f3 Bc2 39. Kg1 Kg7 40. Kf2 Kf6 41. Ke2 Bb1 42. a3 Ba2 43. b4 Bc4+ 44. Ke3 g5 45. g3 h5 46. f4 h4 47. g4 Bf1 48. e5+ Ke6 49. fxg5 Bxh3 50. Kf4 Bf1 51. g6 fxg6 52. g5 h3 53. Kg3 Kxe5 54. Kh2 Kf5 55. Kg1 Bg2 {[%emt 0:00:
01] Diakonova, Ekaterina won by resignation} 0-1

[Event "Live Chess"]
[Site "Chess.com"]
[Date "2020.05.16"]
[Round "2.43"]
[White "Diakonova, Ekaterina"]
[Black "Karas, Eugenia"]
[Result "1/2-1/2"]
[ECO "A14"]
[WhiteElo "2131"]
[BlackElo "1839"]
[PlyCount "69"]
[EventDate "2020.??.??"]
[TimeControl "180+2"]
[WhiteClock "0:00:52"]
[BlackClock "0:00:30"]

1. Nf3 d5 2. g3 c5 3. Bg2 Nf6 4. O-O e6 5. b3 Be7 6. Bb2 O-O 7. d3 Nc6 8.
Nbd2 b6 9. Ne5 Nxe5 10. Bxe5 Bb7 11. c4 Nd7 12. Bb2 Bf6 13.
Qc2 Bxb2 14. Qxb2 Nf6 15. b4 cxb4 16. Qxb4 Qd7 17. a4 Rac8 18. a5 dxc4 19. Bxb7 Qxb7 20. Nxc4 Nd5 21. Qb3 Qc6 22. e4 Nf6 23. axb6 axb6 24. Qxb6 Qxb6 25. Nxb6 Rc3 26. Rfd1 Rd8 27. f3 g6 28. d4 Rxf3 29. e5 Nd5 30. Nxd5 Rxd5 31. Ra8+ Kg7 32. Ra7 Kg8 33. Ra8+ Kg7 34. Ra7 Kg8 35. Ra8+ {[%emt 0:00:01] Game drawn by repetition} 1/2-1/2

[Event "Live Chess"]
[Site "Chess.com"]
[Date "2020.05.16"]
[Round "2.44"]
[White "Karas, Eugenia"]
[Black "Diakonova, Ekaterina"]
[Result "0-1"]
[ECO "D00"]
[WhiteElo "1836"]
[BlackElo "2134"]
[PlyCount "92"]
[EventDate "2020.??.??"]
[TimeControl "180+2"]
[WhiteClock "0:01:08"]
[BlackClock "0:00:17"]

1. d4 Nf6 2. Nf3 g6 3. Nc3 d5 4. Bf4 Bg7 5. Nb5 Na6 6. e3 c6 7. Nc3 Nc7 8. Be2 Nh5 9. Be5 f6 10. Bg3 Nxg3 11. hxg3 e5 12. Nh4 O-O 13. dxe5 fxe5 14. Bg4 Qf6 15. O-O e4 16. Bxc8 Raxc8 17. f3 g5 18. fxe4 Qxf1+ 19. Qxf1 Rxf1+ 20. Rxf1 gxh4 21. exd5 Bxc3 22. bxc3 Nxd5 23. gxh4 Nxe3 24. Rb1 b6 25. Rb2 Rf8 26. a4 Rf1+ 27. Kh2 Rf2 28. a5 Rxg2+ 29. Kh1 b5 30. Rb4 Rg4 31. Rxg4+ Nxg4 32. Kg2 h5 33. Kf3 Kf7 34. Kf4 Kf6 35. Ke4 Ne5 36. Kf4 a6 37. Ke4 Nc4 38. Kd4 Ke6 39. Kc5 Kd7 40. Kd4 Kd6 41. Ke4 Nxa5 42. Kf5 Nc4 43. Kg5 Ne5 44. Kxh5 Nf3 45. Kg4 Nxh4 46. Kxh4 a5 {[%emt 0:00:00] Diakonova, Ekaterina won by resignation} 0-1

[Event "Live Chess"]
[Site "Chess.com"]
[Date "2020.05.16"]
[Round "3.11"]
[White "Somton, Anita"]
[Black "Bayat, Shohreh"]
[Result "1/2-1/2"]
[ECO "A84"]
[WhiteElo "1933"]
[BlackElo "2065"]
[PlyCount "99"]
[EventDate "2020.??.??"]
[TimeControl "180+2"]
[WhiteClock "0:00:19"]
[BlackClock "0:00:21"]

1. d4 e6 2. Nf3 d5 3. c4 c6 4. Qc2 f5 5. e3 Nf6 6. Be2 Bd6 7. O-O O-O 8. Nc3 Ne4 9. c5 Bc7 10. b4 a6 11. a4 Nd7 12. Bb2 Qf6 13. b5 axb5 14. axb5 Rxa1 15. Rxa1 e5 16. b6 Bb8 17. Nd1 exd4 18. Bxd4 Qh6 19. Ra8 Ng5 20. h3 Nxf3+ 21. Bxf3 f4 22. Bg4 fxe3 23. Bxe3 Qf6 24. Qd2 Qe5 25. Bf3 Nf6 26. Nc3 Qh2+ 27. Kf1 Qh1+ 28. Ke2 Qh2 29. Qd4 Be5 30. Qd2 Bd7 31. Ra7 Bc8 32. Ra8 Bb8 33. Qd4 Qe5 34. Qxe5 Bxe5 35. Nd1 Bf5 36. Rxf8+ Kxf8 37. g4 Bc8 38. g5 Nd7 39. h4 d4 40. Bd2 Nxc5 41. Bb4 Bd6 42. Nb2 Ne4 43. Bxd6+ Nxd6 44. Kd3 c5 45. Nc4 Ke7 46. Ne5 Be6 47. Kd2 c4 48. h5 Bd7 49. g6 hxg6 50.
hxg6 {[%emt 0:00:02] Game drawn by agreement} 1/2-1/2

[Event "Live Chess"]
[Site "Chess.com"]
[Date "2020.05.16"]
[Round "3.12"]
[White "Bayat, Shohreh"]
[Black "Somton, Anita"]
[Result "1-0"]
[ECO "B13"]
[WhiteElo "2070"]
[BlackElo "1928"]
[PlyCount "79"]
[EventDate "2020.??.??"]
[TimeControl "180+2"]
[WhiteClock "0:00:11"]
[BlackClock "0:00:42"]

1. e4 c6 2. d4 d5 3. exd5 cxd5 4. Bd3 Nc6 5. c3 Qc7 6. Ne2 Bg4 7. f3 Bh5 8. Bf4 Qd7 9. Nd2 Nf6 10. O-O e6 11. Bg3 Bd6 12. Nf4 Bg6 13.
Qc2 Rc8 14. Bxg6 hxg6 15. Qd3 g5 16. Ne2 Bxg3 17. Nxg3 O-O 18. Rae1 Qd6 19. Qe3 Nh7 20. f4 g4 21. f5 Rfe8 22. Qf2 Nf6 23.
fxe6 Rxe6 24. Nf5 Qd7 25. Qf4 Rxe1 26. Rxe1 Re8 27. Rf1 Re2 28. Nxg7 Kxg7 29. Qxf6+ Kg8 30. Qg5+ Kf8 31. Qf4 Qe6 32. Rf2 Re1+ 33. Nf1 Ne7 34. Qb8+ Kg7 35. Qg3 Ng6 36. h3 gxh3 37. gxh3 Kh7 38. Rxf7+ Kg8 39. Rf6 Qe4 40. Rxg6+ {[%emt 0:00:03] Bayat, Shohreh won by
resignation} 1-0

[Event "Live Chess"]
[Site "Chess.com"]
[Date "2020.05.16"]
[Round "3.13"]
[White "Somton, Anita"]
[Black "Bayat, Shohreh"]
[Result "1/2-1/2"]
[ECO "A85"]
[WhiteElo "1931"]
[BlackElo "2067"]
[PlyCount "50"]
[EventDate "2020.??.??"]
[TimeControl "180+2"]
[WhiteClock "0:02:47"]
[BlackClock "0:02:17"]

1. d4 e6 2. Nf3 d5 3. c4 c6 4. Qc2 f5 5. e3 Nf6 6. Be2 Bd6 7. O-O Nbd7 8. Nc3 Ne4 9. c5 Bc7 10. b4 a6 11. a4 Qf6 12. Bb2 e5 13. b5 axb5 14. axb5 Nxc3 15. Bxc3 e4 16. Rxa8 O-O 17. Nd2 f4 18. b6 fxe3 19. fxe3 Bxh2+ 20. Kxh2 Qh6+ 21. Kg1 Qxe3+ 22. Kh1 Qh6+ 23. Kg1 Qe3+ 24. Kh1 Qh6+ 25. Kg1 Qe3+ {[%emt 0:00:01] Game drawn by repetition}
1/2-1/2

[Event "Live Chess"]
[Site "Chess.com"]
[Date "2020.05.16"]
[Round "3.14"]
[White "Bayat, Shohreh"]
[Black "Somton, Anita"]
[Result "1/2-1/2"]
[ECO "B13"]
[WhiteElo "2064"]
[BlackElo "1934"]
[PlyCount "108"]
[EventDate "2020.??.??"]
[TimeControl "180+2"]
[WhiteClock "0:00:26"]
[BlackClock "0:01:09"]

1. e4 c6 2. d4 d5 3. exd5 cxd5 4. Bd3 Nc6 5. c3 Qc7 6. h3 Nf6 7. Nf3 g6 8. Bg5 Bg7 9. O-O O-O 10. Qc1 Bd7 11. Bh6 Rac8 12. Bxg7 Kxg7 13. Qe3 Rfe8 14. Nbd2 a6 15. Ne5 b5 16. a3 e6 17. Ndf3 Ne7 18.
Rae1 Nf5 19. Bxf5 exf5 20. Qf4 Be6 21. Nd2 a5 22. Nb3 Rb8 23.
Nc5 Rb6 24. Nxg6 Qxf4 25. Nxf4 b4 26. axb4 axb4 27. Nfxe6+ fxe6 28. Re3 bxc3 29. bxc3 Kf7 30. Rfe1 Ne4 31. Nxe4 dxe4 32. f3 Rc8 33. fxe4 fxe4 34. Rf1+ Ke7 35. Rc1 Rbc6 36. Kf2 Rc4 37. Ke2 Rxd4 38. cxd4 Rxc1 39. Rxe4 Rc2+ 40. Kf3 Kf6 41. Rf4+ Kg5 42. h4+ Kg6 43. g4 Rc3+ 44. Ke4 Rh3 45. h5+ Kg5 46. Rf7 h6 47. Rg7+ Kh4 48. Ke5 Re3+ 49. Kd6 Rd3 50. Kxe6 Rxd4 51. Rg6 Rxg4 52. Rxh6 Rg5 53. Rh8 Rxh5 54. Rxh5+ Kxh5 {[%emt 0:00:01] Game drawn by insufficient material}
1/2-1/2

[Event "Live Chess"]
[Site "Chess.com"]
[Date "2020.05.16"]
[Round "3.21"]
[White "Sucikova, Svetlana"]
[Black "Diakonova, Ekaterina"]
[Result "1-0"]
[ECO "E63"]
[WhiteElo "2135"]
[BlackElo "2126"]
[PlyCount "69"]
[EventDate "2020.??.??"]
[TimeControl "180+2"]
[WhiteClock "0:00:21"]
[BlackClock "0:00:32"]

1. Nf3 Nf6 2. g3 g6 3. Bg2 Bg7 4. O-O O-O 5. c4 d6 6. d4 Nc6 7. Nc3 Bd7 8. Re1 a6 9. h3 Qc8 10. Kh2 e5 11. dxe5 dxe5 12. e4 h6 13.
Nd5 Kh7 14. a3 Ng8 15. Qc2 f5 16. Nh4 Nd4 17. Qd3 b5 18. c5 Rb8 19. Be3 c6 20. Nb6 Qc7 21. Bxd4 exd4 22. Nxd7 Qxd7 23. exf5 gxf5 24. Bf3 Ne7 25. Re2 Nd5 26. Bxd5 Qxd5 27. b4 Rbe8 28. Rae1 Rxe2 29. Rxe2 Kg8 30. Ng6 Rf7 31. Ne7+ Rxe7 32. Rxe7 Qc4 33. Qxf5 d3 34. Re8+ Bf8 35. Rxf8+ {[%emt 0:00:01] Sucikova, Svetlana won by resignation} 1-0

[Event "Live Chess"]
[Site "Chess.com"]
[Date "2020.05.16"]
[Round "3.22"]
[White "Diakonova, Ekaterina"]
[Black "Sucikova, Svetlana"]
[Result "1-0"]
[ECO "B18"]
[WhiteElo "2134"]
[BlackElo "2125"]
[PlyCount "173"]
[EventDate "2020.??.??"]
[TimeControl "180+2"]
[WhiteClock "0:00:08"]
[BlackClock "0:00:12"]

1. e4 c6 2. d4 d5 3. Nc3 dxe4 4. Nxe4 Bf5 5. Ng3 Bg6 6. Nf3 Nd7 7. Bd3 e6 8. O-O Ngf6 9. b3 Be7 10. Bb2 O-O 11. Bxg6 hxg6 12. c4 Qc7 13. Qc2 Rad8 14. Rad1 Rfe8 15. a3 Bd6 16. Rfe1 a6 17. Ne5 Nf8 18. Ne4 Nxe4 19. Qxe4 Bxe5 20. dxe5 Rxd1 21. Rxd1 Rd8 22. Re1 Qd7 23. h3 Qd3 24. b4 Qxe4 25. Rxe4 Rd1+ 26. Kh2 Rd2 27. Bd4 Rd3 28. Bc5 Nd7 29. Bd6 f6 30. a4 Kf7 31. a5 fxe5 32. Bxe5 Nxe5 33. Rxe5 Rd4 34. Rc5 Ke7 35. b5 axb5 36. cxb5 Kd6 37. bxc6 bxc6 38. Rg5 Ke7 39. Rxg6 Kf7 40. Rg5 Ra4 41. Rc5 Kf6 42. Kg3 g6 43. f4 Ke7 44. Rxc6 Rxa5 45. Kg4 Kf6 46. Rc8 Rb5 47. Kh4 Ra5 48. Rf8+ Kg7 49. Re8 Kf7 50. Rb8 Rc5 51. Kg3 Kf6 52. Rb3 Ra5 53. Kf3 Kf5 54. g4+ Kf6 55. Kg3 Rc5 56. Re3 Ra5 57. Rd3 Rb5 58. Rd8 Ra5 59. Kh4 Rb5 60. g5+ Kf7 61. Rd7+ Kf8 62. Kg4 Ra5 63. h4 Ra1 64. Kf3 Rh1 65. Ke4 Rxh4 66. Ke5 Ke8 67. Rg7 Rh1 68. Kxe6 Re1+ 69. Kf6 Rf1 70. Ke5 Re1+ 71. Kf6 Rf1 72. Rxg6 Rxf4+ 73. Kg7 Rf7+ 74. Kh8 Rf1 75. Rg8+ Kf7 76. g6+ Ke7 77. Kg7 Rg1 78. Ra8 Rh1 79. Kg8 Rh2 80. g7 Rh1 81. Ra7+ Ke8 82. Ra4 Re1 83. Ra6 Re2 84. Kh7 Rh2+ 85. Rh6 Rg2 86. g8=Q+ Rxg8 87. Kxg8 {[%emt 0:00:01] Diakonova, Ekaterina won by
resignation} 1-0

[Event "Live Chess"]
[Site "Chess.com"]
[Date "2020.05.16"]
[Round "3.23"]
[White "Sucikova, Svetlana"]
[Black "Diakonova, Ekaterina"]
[Result "1/2-1/2"]
[ECO "D94"]
[WhiteElo "2125"]
[BlackElo "2134"]
[PlyCount "126"]
[EventDate "2020.??.??"]
[TimeControl "180+2"]
[WhiteClock "0:00:21"]
[BlackClock "0:00:57"]

1. Nf3 d5 2. e3 Nf6 3. c4 c6 4. b3 g6 5. Bb2 Bg7 6. Be2 O-O 7. O-O Nbd7 8. Nc3 Re8 9. d4 b6 10. Rc1 Bb7 11. Ne5 Nxe5 12. dxe5 Ne4 13. cxd5 Nxc3 14. Bxc3 Qxd5 15. Qxd5 cxd5 16. Bd4 Rac8 17. Bb5 Rxc1 18. Rxc1 Rc8 19. Rxc8+ Bxc8 20. Bc6 e6 21. Bb2 Bf8 22. Kf1 Ba6+ 23. Kg1 Bd3 24. f3 Bc5 25. Kf2 Kf8 26. Bd4 Ba3 27. e4 dxe4 28. Bxe4 Bxe4 29. fxe4 Ke7 30. Ke2 Kd7 31. Kd3 Kc6 32. Bc3 Kb5 33. Bd2 Bb2 34. Bc3 Ba3 35. h3 h5 36. g4 hxg4 37. hxg4 Kc6 38. Kc4 b5+ 39. Kd3 Be7 40. Bd4 a5 41. Bc3 Bc5 42. Bb2 Bb6 43.
Bc3 Bc7 44. Bb2 Bb8 45. Bc3 Bc7 46. Ba1 Bb6 47. Bc3 Kd7 48.
Bb2 Kc6 49. Ba1 Ba7 50. Bc3 Bb6 51. Ba1 Bc7 52. Bb2 Bb8 53.
Bc3 b4 54. Bd4 Kb5 55. Ke3 Bc7 56. Kf3 Bd8 57. Kf4 Be7 58. Kf3 Bg5 59. Ke2 Bf4 60. Kf3 Bg5 61. Ke2 Bf4 62. Kd3 Bg3 63. Ke2 Bf4 {[%emt 0:00:01] Game drawn by repetition} 1/2-1/2

[Event "Live Chess"]
[Site "Chess.com"]
[Date "2020.05.16"]
[Round "3.24"]
[White "Diakonova, Ekaterina"]
[Black "Sucikova, Svetlana"]
[Result "0-1"]
[ECO "B18"]
[WhiteElo "2126"]
[BlackElo "2135"]
[PlyCount "88"]
[EventDate "2020.??.??"]
[TimeControl "180+2"]
[WhiteClock "0:00:31"]
[BlackClock "0:00:13"]

1. e4 c6 2. d4 d5 3. Nc3 dxe4 4. Nxe4 Bf5 5. Ng3 Bg6 6. Nf3 Nd7 7. Bd3 e6 8. O-O Ngf6 9. b3 Be7 10. Bb2 O-O 11. c4 Qc7 12. Bxg6 hxg6 13. Qc2 c5 14. Rad1 cxd4 15. Nxd4 a6 16. a3 Rac8 17. Qe2 Rfe8 18. Rfe1 Bc5 19. Rc1 Qb6 20. Red1 Bxd4 21. Rxd4 Qxb3 22. h4 b5 23. Rc3 Qa2 24. cxb5 Rxc3 25. Bxc3 Qb1+ 26. Kh2 Qxb5 27. Qxb5 axb5 28. Rb4 Ra8 29. Bxf6 gxf6 30. Rxb5 Rxa3 31. Rb7 Ne5 32. f3 Ra2 33. Kh3 Kg7 34. Ne4 Rc2 35. Ra7 Rc6 36. Rb7 Nd3 37. Kg3 Nc5 38. Nxc5 Rxc5 39. Ra7 f5 40. Rb7 Kf6 41. Ra7 Rb5 42. Rb7 Rxb7 43. Kf2 Rb4 44. Kg3 g5
{[%emt 0:00:01] Sucikova, Svetlana won by resignation} 0-1

[Event "Live Chess"]
[Site "Chess.com"]
[Date "2020.05.16"]
[Round "4.11"]
[White "Sucikova, Svetlana"]
[Black "Bayat, Shohreh"]
[Result "1-0"]
[ECO "A11"]
[WhiteElo "2142"]
[BlackElo "2058"]
[PlyCount "83"]
[EventDate "2020.??.??"]
[TimeControl "180+2"]
[WhiteClock "0:00:44"]
[BlackClock "0:00:24"]

1. e3 e6 2. c4 d5 3. Nc3 c6 4. Nf3 Bd6 5. b3 Nf6 6. Bb2 e5 7. d4 e4 8. Nd2 O-O 9. Qc2 a5 10. cxd5 cxd5 11. Nb5 Nc6 12. Nxd6 Qxd6 13. Qc5 Qe6 14. Be2 Bd7 15. O-O Nb4 16. Qc7 Rfc8 17. Qe5 Rc2 18. Bc1 Nxa2 19. Bd1 Rxc1 20. Rxa2 b6 21. b4 Qxe5 22. dxe5 Ng4 23. bxa5 Rxa5 24. Rb2 b5 25. Nb3 Rca1 26. Nxa1 Rxa1 27. Bxg4 Rxf1+ 28. Kxf1 Bxg4 29. Rxb5 f6 30. Rxd5 Be6 31. Rd6 Kf7 32. exf6 gxf6 33. Ke1 Ke7 34. Rb6 f5 35. Rb7+ Bd7 36. Kd2 Kd6 37. Kc3 h5 38. Kd4 Ke7 39. Rb6 Be6 40. Ke5 Bd7 41. Rh6 h4 42. Rxh4 {[%emt 0:00:01] Sucikova, Svetlana won by resignation} 1-0

[Event "Live Chess"]
[Site "Chess.com"]
[Date "2020.05.16"]
[Round "4.12"]
[White "Bayat, Shohreh"]
[Black "Sucikova, Svetlana"]
[Result "1/2-1/2"]
[ECO "B13"]
[WhiteElo "2060"]
[BlackElo "2140"]
[PlyCount "121"]
[EventDate "2020.??.??"]
[TimeControl "180+2"]
[WhiteClock "0:00:16"]
[BlackClock "0:01:12"]

1. e4 c6 2. d4 d5 3. exd5 cxd5 4. Bd3 Nc6 5. c3 Qc7 6. Nf3 Bg4 7. Nbd2 Nf6 8. h3 Bh5 9. O-O e6 10. Qb3 Bg6 11. Bxg6 hxg6 12. Re1 Bd6 13. Nf1 O-O 14. Bg5 Ne4 15. Be3 Na5 16. Qc2 Rac8 17. N1d2 Nxd2 18. Nxd2 b5 19. a3 Nc4 20. Nxc4 Qxc4 21. Qe2 Qxe2 22. Rxe2 a5 23. Rf1 Rc4 24. f4 b4 25. axb4 axb4 26. Bd2 bxc3 27. bxc3 Ra8 28. Be1 Bc7 29. Rf3 Ra1 30. Kf2 Ba5 31. g4 Rc1 32. Ree3 Rc8 33. Ke2 Rb1 34. f5 gxf5 35. gxf5 Rb6 36. Re5 Rbc6 37. fxe6 fxe6 38. Rfe3 Bxc3 39. Bxc3 Rxc3 40. Rxe6 Rc2+ 41.
Kf3 Rh2 42. Kg3 Rd2 43. Rd6 Rxd4 44. Re7 Rc3+ 45. Kf2 Rd2+ 46. Ke1 Rdd3 47. Rdd7 Re3+ 48. Kd2 Rcd3+ 49. Kc2 Rxe7 50. Rd8+ Kf7 51. Kxd3 Re5 52. Rd6 g6 53. Kd4 Rf5 54. Rxd5 Rxd5+ 55. Kxd5 Kf6 56. Ke4 Kg5 57. Kf3 Kh4 58. Kg2 Kg5 59. Kg3 Kf5 60. Kf3 Kg5 61. Kg3 {[%emt 0:00:01] Game drawn by agreement} 1/2-1/2

[Event "Live Chess"]
[Site "Chess.com"]
[Date "2020.05.16"]
[Round "4.13"]
[White "Sucikova, Svetlana"]
[Black "Bayat, Shohreh"]
[Result "1-0"]
[ECO "A85"]
[WhiteElo "2147"]
[BlackElo "2054"]
[PlyCount "81"]
[EventDate "2020.??.??"]
[TimeControl "180+2"]
[WhiteClock "0:00:51"]
[BlackClock "0:00:12"]

1. Nf3 e6 2. c4 d5 3. e3 c6 4. Nc3 f5 5. Be2 Nf6 6. d4 Bd6 7. Ne5 Nbd7 8. Bh5+ g6 9. Nxd7 Bxd7 10. Be2 O-O 11. O-O e5 12. cxd5 exd4 13. Qxd4 c5 14. Qc4 Qe7 15. Rd1 Qe5 16. g3 a6 17. a4 b5 18. Qd3 bxa4 19. Qc2 Ne4 20.
Nxa4 h5 21. Nb6 Rad8 22. Nc4 Qf6 23. Nxd6 Qxd6 24. Rxa6 Qe5 25. Rxg6+ Kh7 26. Ra6 h4 27. f4 Qg7 28. g4 fxg4 29. Qxe4+ Bf5 30. Qe5 Qg8 31. Ra7+ Rd7 32. Rxd7+ Bxd7 33. Qh5+ Kg7 34. Qg5+ Kh7 35. Bd3+ Bf5 36. Bxf5+ Rxf5 37. Qxf5+ Kh8 38.
Qh5+ Kg7 39. Qg5+ Kf7 40. Qxg8+ Kxg8 41. d6 {
[%emt 0:00:01] Sucikova, Svetlana won by resignation} 1-0